 Dungeon Crawl Stone Soup version 0.32-a0-799-g95e1662365 (webtiles) character file.

Game seed: 9424733516085629612

11887 Khashishi the Grappler (level 11, -8/59 HPs)
             Began as a Vine Stalker Berserker on Mar 21, 2024.
             Was a High Priest of Trog.
             Mangled by a warg (13 damage)
             ... on level 2 of the Orcish Mines.
             The game lasted 00:45:46 (6905 turns).

Khashishi the Grappler (Vine Stalker Berserker)     Turns: 6905, Time: 00:45:47

Health: -8/59      AC: 15    Str: 22    XL:     11   Next: 84%
Magic:  0/12       EV: 20    Int:  7    God:    Trog [*****.]
Gold:   310        SH:  0    Dex: 24    Spells: 10/10 levels left

rFire   . .          .
                       - Unarmed
rCold   . . .        (no shield)
rNeg    . . .        f - +2 leather armour of Living Miracles {Dex+2}
rPois   .            l - +1 helmet
rElec   .            E - +0 cloak
rCorr   .            i - +2 pair of gloves
SInv    .            B - +2 pair of boots {rampage}
Will    +++..        j - amulet of regeneration
Stlth   ++++         H - +6 ring of dexterity
HPRegen 2.89/turn    z - +5 ring of evasion
MPRegen 0.13/turn

%: guardian spirit, rampage
@: strong-willed, regenerating
A: fangs 3, regeneration 1, magic shield, antimagic bite, no potion heal 2
a: Renounce Religion, Berserk, Trog's Hand, Brothers in Arms


You were on level 2 of the Orcish Mines.
You worshipped Trog.
Trog was extremely pleased with you.
You visited 3 branches of the dungeon, and saw 12 of its levels.

You collected 867 gold pieces.
You spent 557 gold pieces at shops.

Inventory:

Hand Weapons
 P - a +2 antimagic battleaxe
Missiles
 d - 17 poisoned darts (quivered)
 A - 2 throwing nets
 N - 3 atropa-tipped darts
Armour
 f - the +2 leather armour of Living Miracles (worn) {Dex+2}
   (You found it on level 3 of the Dungeon)

   Dex+2:     It affects your dexterity (+2).
 i - a +2 pair of gloves (worn)
 l - a +1 helmet (worn)
 B - a +2 pair of boots of rampaging (worn)
 E - a +0 cloak (worn)
 U - an orb of mayhem
Jewellery
 j - an amulet of regeneration (around neck)
 u - a ring of ice
 v - a ring of resist corrosion
 z - a +5 ring of evasion (right hand)
 D - a ring of see invisible
 H - a +6 ring of dexterity (left hand)
Wands
 g - a wand of digging (5)
 m - a wand of iceblast (18)
 t - a wand of mindburst (10)
 O - a wand of flame (17)
Scrolls
 e - a scroll of silence
 h - 5 scrolls of teleportation
 k - a scroll of fog
 n - a scroll of fear {unknown}
 o - 5 scrolls of blinking
 C - a scroll of poison {unknown}
 K - a scroll of revelation {unknown}
 M - 2 scrolls of vulnerability {unknown}
 Q - a scroll of immolation {unknown}
Potions
 a - 4 potions of curing
 c - 2 potions of ambrosia
 p - 4 potions of lignification
 q - a potion of berserk rage
 x - 2 potions of heal wounds {unknown}
 I - a potion of cancellation {unknown}
 L - 2 potions of haste
 R - a potion of enlightenment {unknown}
 S - a potion of brilliance {unknown}
 T - a potion of degeneration {unknown}
Miscellaneous
 r - a lightning rod (4/4)


   Skills:
 + Level 7.7 Fighting
 - Level 4.0 Armour
 + Level 6.1 Dodging
 - Level 9.0 Stealth
 * Level 11.0 Unarmed Combat
 + Level 6.9 Evocations


You had 10 spell levels left.
You didn't know any spells.
Your spell library contained the following spells:

 Spells                   Type           Power      Damage    Failure   Level
 Cigotuvi's Dreadful Rot  Necr/Alch/Air  0%         N/A       63%         2
 Ensorcelled Hibernation  Hex/Ice        0%         N/A       63%         2
 Passwall                 Erth           0%         N/A       85%         3
 Swiftness                Air            0%         N/A       85%         3
 Tukima's Dance           Hex            0%         N/A       85%         3
 Dispel Undead            Necr           0%         3d6       99%         4
 Leda's Liquefaction      Alch/Erth      0%         N/A       99%         4
 Martyr's Knell           Necr/Summ      0%         N/A       99%         4
 Passage of Golubria      Tloc           0%         N/A       99%         4
 Petrify                  Alch/Erth      0%         N/A       99%         4
 Metabolic Englaciation   Hex/Ice        0%         N/A       100%        5
 Yara's Violent Unravell  Hex/Alch       0%         3d3       100%        5


Dungeon Overview and Level Annotations

Branches:
Dungeon (9/15)             Temple (1/1) D:7             Orc (2/2) D:9
   Lair: D:8-11         Elf: Orc:2

Altars:
Cheibriados
Dithmenos
Elyvilon
Fedhas
Hepliaklqana
Kikubaaqudgha
Nemelex Xobeh
Okawaru
Qazlal
Sif Muna
Trog
Uskayaw
Vehumet
Wu Jian
Xom
Yredelemnul
Zin

Shops:
D:4 ==*   D:5 =   D:8 *


Innate Abilities, Weirdness & Mutations

You have razor-sharp teeth.
Your natural rate of healing is unusually fast.
When hurt, damage is shared between your health and your magic reserves.
Your bite disrupts and absorbs the magic of your enemies.
Potions cannot restore your health.


Message History

The kobold blastminer is lightly wounded.
The kobold blastminer barely misses you.
You punch the kobold blastminer!
You bite the kobold blastminer, but do no damage.
The kobold blastminer is heavily wounded.
The kobold blastminer misses you.
You punch the kobold blastminer! You bite the kobold blastminer.
You kill the kobold blastminer!
Trog accepts your kill.
Your Unarmed Combat skill increases to level 11!
Things that are here:
a +0 arbalest; a kobold corpse You see here a +0 arbalest.
Things that are here:
a +0 club; a +0 leather armour; an orc corpse
There is a stone staircase leading up here.
You climb upwards.
The orc sorcerer shouts! x2; The warg howls!
You hear a shout! x2
Found 44 gold pieces.
There is a stone staircase leading down here.
Your skin crawls.
You feel strong-willed. The orc sorcerer casts a spell at you.
The bolt of fire hits you!! The orc sorcerer casts a spell at you.
The bolt of fire hits you!! The orc sorcerer casts a spell at you.
The bolt of fire hits you!!
* * * LOW HITPOINT WARNING * * *
The warg misses you.
You climb downwards.
There is a stone staircase leading up here.
You hit the warg. You punch the warg, but do no damage.
Your bite misses the warg.
The warg is lightly wounded.
The warg barely misses you. x2
The warg attacks as it pursues you! The warg bites you!
* * * LOW HITPOINT WARNING * * *
The warg bites you!
You die...

....#...............##..
.........#......)....###
.......##.....[........#
)....###................
)...###.................
..####........#...#.....
### ........##.[)##....
....####.....####. ...
##..[@...## #....h....#
#....<....# #....[....#
##.......## #...)..##
##....## ##..## . #.).#
##..#


You could see a warg.

Vanquished Creatures
  An ettin (Orc:2)
  Erolcha (Orc:2)
  A two-headed ogre (D:9)
  An orc sorcerer (Orc:2)
  4 kobold blastminers (Orc:2)
  Jeremiah (D:8)
  A troll (Orc:2)
  Grinder (D:3)
  Sigmund (D:6)
  3 wyverns
  6 yaks (D:8)
  A steam dragon (D:8)
  Eustachio (D:6)
  Menkaure (D:6)
  2 water moccasins
  16 orc warriors
  A black bear (D:7)
  An ice beast (D:6)
  A sky beast (D:8)
  8 ogres
  A kobold brigand (D:7)
  3 bullfrogs
  Blork the orc (D:6)
  2 gnoll sergeants
  2 scorpions
  14 wights
  5 killer bees (D:8)
  4 howler monkeys
  2 hounds
  11 orc priests
  2 gnoll boudas (D:5)
  Ijyb (D:3)
  Jessica (D:2)
  5 iguanas
  Terence (D:2)
  10 orc wizards
  Robin (D:3)
  8 adders
  29 gnolls
  2 shadow imps
  A white imp (D:6)
  2 ufetubi (D:6)
  5 ribbon worms
  9 dart slugs
  66 orcs
  6 endoplasms
  4 giant cockroaches
  17 goblins
  21 hobgoblins
  16 kobolds
  8 ball pythons
  6 bats
  4 frilled lizards
  8 rats
331 creatures vanquished.

Notes
Turn   | Place    | Note
-------+----------+-------------------------------------------
     0 | D:1      | Khashishi the Vine Stalker Berserker began the quest for
                  | the Orb.
     0 | D:1      | Reached XP level 1. HP: 11/11 MP: 2/2
    60 | D:1      | Reached XP level 2. HP: 15/16 MP: 3/3
   161 | D:1      | Reached skill level 4 in Unarmed Combat
   293 | D:1      | Reached XP level 3. HP: 16/19 MP: 4/4
   515 | D:2      | Reached ** piety under Trog
   587 | D:2      | Noticed Jessica
   593 | D:2      | Killed Jessica
   594 | D:2      | Reached XP level 4. HP: 23/23 MP: 5/5
   866 | D:2      | Reached skill level 5 in Unarmed Combat
  1273 | D:2      | Noticed Terence
  1281 | D:2      | Killed Terence
  1455 | D:3      | Noticed Ijyb
  1455 | D:3      | Noticed Robin
  1471 | D:3      | Killed Ijyb
  1472 | D:3      | Reached XP level 5. HP: 20/27 MP: 4/6
  1482 | D:3      | Killed Robin
  1524 | D:3      | Noticed a water moccasin
  1528 | D:3      | Killed a water moccasin
  1529 | D:3      | Reached skill level 6 in Unarmed Combat
  1529 | D:3      | Reached XP level 6. HP: 32/32 MP: 7/7
  1803 | D:3      | Found a faded altar of an unknown god.
  1837 | D:3      | Found a glowing silver altar of Zin.
  1886 | D:3      | Identified the +2 leather armour of Living Miracles {Dex+2}
  1941 | D:3      | Reached skill level 1 in Stealth
  2435 | D:3      | Noticed Grinder
  2447 | D:3      | Killed Grinder
  2448 | D:3      | Reached skill level 7 in Unarmed Combat
  2448 | D:3      | Reached skill level 1 in Evocations
  2448 | D:3      | Reached XP level 7. HP: 36/36 MP: 5/8
  2697 | D:4      | Found Hil Tike's Jewellery Shoppe.
  2867 | D:4      | Found Kotz's Jewellery Emporium.
  2891 | D:4      | Reached *** piety under Trog
  2995 | D:4      | Found Cuen's Assorted Antiques.
  3047 | D:4      | Found a shimmering blue altar of Sif Muna.
  3051 | D:4      | Found a bloodstained altar of Trog.
  3142 | D:4      | Bought a pair of embroidered boots for 225 gold pieces
  3197 | D:5      | Entered Level 5 of the Dungeon
  3256 | D:5      | Gained mutation: You have razor-sharp teeth. [Vine Stalker
                  | growth]
  3256 | D:5      | Reached XP level 8. HP: 40/40 MP: 4/9
  3571 | D:5      | Found Paypp's Jewellery Shoppe.
  3645 | D:5      | Reached **** piety under Trog
  3903 | D:5      | Reached skill level 5 in Stealth
  4043 | D:5      | Reached XP level 9. HP: 46/46 MP: 10/10
  4074 | D:5      | Found a blossoming altar of Fedhas.
  4339 | D:6      | Noticed Menkaure
  4344 | D:6      | Killed Menkaure
  4345 | D:6      | Reached skill level 8 in Unarmed Combat
  4468 | D:6      | Noticed Blork the orc
  4469 | D:6      | Noticed Eustachio
  4472 | D:6      | Killed Eustachio
  4474 | D:6      | Killed Blork the orc
  4475 | D:6      | Reached skill level 5 in Fighting
  4504 | D:6      | Found an ancient bone altar of Kikubaaqudgha.
  4575 | D:6      | Noticed Sigmund
  4584 | D:6      | Killed Sigmund
  4891 | D:7      | Found a staircase to the Ecumenical Temple.
  4900 | Temple   | Entered the Ecumenical Temple
  4957 | D:7      | Reached ***** piety under Trog
  5187 | D:7      | Reached XP level 10. HP: 51/51 MP: 11/11
  5695 | D:8      | Received a gift from Trog
  5700 | D:8      | Found a white marble altar of Elyvilon.
  5723 | D:8      | Found Gaisic's Assorted Antiques.
  5749 | D:8      | Reached skill level 9 in Unarmed Combat
  5749 | D:8      | Reached skill level 5 in Evocations
  5773 | D:8      | Bought a scroll of blinking for 240 gold pieces
  5773 | D:8      | Bought a scroll labelled VUIWIBR ULUORY for 32 gold pieces
  5773 | D:8      | Bought a scroll labelled ECILEU FAUHEO for 32 gold pieces
  5773 | D:8      | Bought a silvery potion for 28 gold pieces
  6003 | D:8      | Noticed Jeremiah
  6009 | D:8      | Killed Jeremiah
  6144 | D:9      | Reached skill level 5 in Dodging
  6165 | D:9      | Noticed a two-headed ogre
  6174 | D:9      | Killed a two-headed ogre
  6175 | D:9      | Reached XP level 11. HP: 50/58 MP: 10/12
  6323 | D:9      | Found a staircase to the Orcish Mines.
  6338 | Orc:1    | Entered Level 1 of the Orcish Mines
  6338 | Orc:1    | Noticed an obsidian bat
  6338 | Orc:1    | Noticed a two-headed ogre
  6410 | Orc:2    | Entered Level 2 of the Orcish Mines
  6469 | Orc:2    | Noticed Erolcha
  6481 | Orc:2    | Killed Erolcha
  6552 | Orc:2    | Reached skill level 10 in Unarmed Combat
  6681 | Orc:2    | Noticed an ettin
  6701 | Orc:2    | Killed an ettin
  6787 | Orc:2    | Noticed an orc sorcerer
  6812 | Orc:2    | Killed an orc sorcerer
  6889 | Orc:2    | Reached skill level 11 in Unarmed Combat
  6899 | Orc:1    | Noticed an orc sorcerer
  6899 | Orc:1    | Noticed an orc sorcerer
  6901 | Orc:1    | HP: 2/59 [orc sorcerer/bolt of fire (19)]
  6905 | Orc:2    | Mangled by a warg

Illustrated notes

Levels and vault maps discovered:
D:1:      elethiomel_arrival_shortcut, layout_basic,
          minmay_misc_feat_more_columns
D:2:      layout_basic, uniq_terence, uniq_jessica
D:3:      minmay_octagon_keep, layout_loops_corners,
          mainiacjoe_overflow_brackets, shapermc_ecumenical_altar_mp_highgroup,
          nicolae_goblin_pals, uniq_grinder
D:4:      layout_cave_pools, hellmonk_overflow_destroyed_library, serial_shops,
          shop, shop, shop
D:5:      corexii_shantytown, layout_loops_corners, fedhas_altar_4,
          serial_shops, shop_statue, uniq_ijyb
D:6:      layout_rooms, mainiacjoe_overflow_chevrons, uniq_menkaure,
          uniq_blork_the_orc, uniq_sigmund, uniq_eustachio
D:7:      layout_basic, minmay_temple_entry_junction
D:8:      layout_cave_pods, mainiacjoe_overflow_paths, serial_shops, shop,
          chequers_serial_rivers_micro_e, uniq_jeremiah
D:9:      layout_gridville, nicolae_overflow_hidden_temple, orc_0_dummy,
          serial_shops, shop_fountains
Temple:   minmay_freezing_vapour_temple
Orc:1:    layout_caves, serial_shops, shop_statue, uniq_maurice
Orc:2:    pubby_orc_utopia, uniq_erolcha

Skill      XL: |  1  2  3  4  5  6  7  8  9 10 11 |
---------------+----------------------------------+-----
Unarmed Combat | 4 5 6 7 8 9 11 | 11.0
Stealth        | 2 3 5 6 8 9 |  9.0
Fighting       | 3 4 5 6 7 |  7.7
Armour         | 2 3 4 |  4.0
Dodging        | 2 3 4 5 6 |  6.1
Evocations     | 1 3 4 5 6 |  6.9

Action                     |  1- 3 |  4- 6 |  7- 9 | 10-12 || total
---------------------------+-------+-------+-------+-------++-------
  Melee: Unarmed           |    72 |   124 |   332 |   310 ||   838
         Bite              |     8 |    23 |    89 |   112 ||   232
         Punch             |     1 |     3 |    21 |    23 ||    48
  Throw: Dart              |       |       |     3 |       ||     3
 Invoke: Berserk           |     2 |     4 |    10 |     6 ||    22
         Trog's Hand       |       |     1 |       |     3 ||     4
  Evoke: Lightning rod     |       |     1 |     8 |     3 ||    12
         Wand              |       |       |     3 |     2 ||     5
    Use: Scroll            |       |     7 |     5 |     4 ||    16
   Stab: Sleeping          |       |     1 |    28 |    15 ||    44
         Distracted        |       |     1 |       |       ||     1
 Armour: Animal skin       |    37 |       |       |       ||    37
         Ring mail         |     6 |    11 |       |       ||    17
         Scale mail        |       |    30 |       |       ||    30
         Leather armour    |       |    26 |   119 |   136 ||   281
         Chain mail        |       |    10 |       |       ||    10
  Dodge: Dodged            |    30 |    59 |   234 |   314 ||   637

Table legend: (Time is in decaauts)
 A = Elapsed time spent in this place.
 B = Non-inter-level travel time spent in this place.
 C = Inter-level travel time spent in this place.
 D = Time resting spent in this place.
 E = Time spent auto-exploring this place.
 F = Levels seen in this place.
 G = Mean time per level.
                   A        B        C        D        E       F      G
               +--------+--------+--------+--------+--------+-----+--------+
         Total |   6958 |   6651 |    307 |     66 |   3268 |  12 |  579.8 |
       Dungeon |   6399 |   6103 |    296 |     33 |   3214 |   9 |  711.0 |
        Temple |      1 |      1 |      0 |      0 |      0 |   1 |    1.0 |
  Orcish Mines |    557 |    546 |     11 |     33 |     54 |   2 |  278.5 |
               +--------+--------+--------+--------+--------+-----+--------+

Top non-repeatable levels by time:
     D:3: 1144 daAuts
     D:5: 1099 daAuts
     D:2: 946 daAuts
     D:8: 682 daAuts
     D:7: 637 daAuts
     D:4: 622 daAuts
     D:1: 521 daAuts
     D:6: 518 daAuts
   Orc:2: 484 daAuts
     D:9: 227 daAuts
   Orc:1: 72 daAuts
  Temple: 1 daAuts
